 Dungeon Crawl Stone Soup version 0.29-a0-451-gfbfa42419e (console) character file.

Game seed: 10412832930324418397

25 Faeu the Sneak (level 2, 0/19 HPs)
             Began as a Vampire Enchanter on May 19, 2022.
             Slain by a necrophage (2 damage)
             ... on level 5 of the Dungeon.
             The game lasted 00:04:22 (1296 turns).

Faeu the Sneak (Vampire Enchanter)                  Turns: 1296, Time: 00:04:23

Health: 0/19       AC:  4    Str:  7    XL:     2   Next: 82%
Magic:  5/5        EV: 12    Int: 17    God:
Gold:   62         SH:  0    Dex: 14    Spells: 5/5 levels left

rFire   . . .      SeeInvis +   a - +1 dagger
rCold   . . .      Faith    .   (no shield)
rNeg    . . .      Spirit   .   b - +0 robe
rPois   +          Reflect  .   (no helmet)
rElec   .          Harm     .   e - +0 cloak
rCorr   .          Rampage  .   i - +0 pair of gloves
Will    .....                   (no boots)
Stlth   +++.......              (no amulet)
HPRegen 0.26/turn               h - ring of poison resistance
MPRegen 0.09/turn               (no ring)

@: healing quickly
A: alive, fangs 3, see invisible, vampiric 1
a: Exsanguinate


You were on level 5 of the Dungeon.
You visited 1 branch of the dungeon, and saw 5 of its levels.

You collected 62 gold pieces.

Inventory:

Hand Weapons
 a - a +1 dagger (weapon)
Armour
 b - a +0 robe (worn)
 e - a +0 cloak (worn)
 i - a +0 pair of gloves (worn)
Magical Staves
 j - a staff of air
Jewellery
 h - a ring of poison resistance (left hand)
Scrolls
 d - a scroll of magic mapping {unknown}
Potions
 c - 2 potions of invisibility
 f - a potion of curing {unknown}
 g - a potion of flight {unknown}


   Skills:
 + Level 1.6 Short Blades
 + Level 2.5 Dodging
 + Level 4.8 Stealth
 + Level 2.2 Spellcasting
 + Level 4.7 Hexes


You had 5 spell levels left.
You didn't know any spells.
Your spell library contained the following spells:

 Spells                   Type           Power      Damage    Failure   Level
 Confusing Touch          Hex            18%        N/A       8%          3
 Tukima's Dance           Hex            18%        N/A       8%          3
 Ensorcelled Hibernation  Hex/Ice        20%        N/A       11%         2
 Dazzling Flash           Conj/Hex       20%        N/A       22%         3
 Sublimation of Blood     Necr           1%         N/A       28%         2
 Wereblood                Tmut           1%         N/A       28%         2
 Summon Hydra             Summ           0%         N/A       100%        7


Dungeon Overview and Level Annotations

Branches:
Dungeon (6/15)
 Temple: D:4-7

Altars:
Gozag
Trog
Uskayaw


Innate Abilities, Weirdness & Mutations

Your natural rate of healing is accelerated.
You have razor-sharp teeth.
You have supernaturally acute eyesight. (SInv)
You are afflicted with vampirism.


Message History

You open the door.
There is an open door here.
An adder comes into view.
The adder hisses angrily.
You hit the necrophage but do no damage.
You punch the necrophage, but do no damage.
You hit the necrophage.
The necrophage is lightly damaged.
The necrophage closely misses you.
You hit the necrophage but do no damage.
You bite the necrophage.
The necrophage is lightly damaged.
The necrophage hits you but does no damage.
You hit the necrophage but do no damage.
The necrophage is lightly damaged.
The necrophage hits you.
You hit the necrophage but do no damage.
The necrophage is lightly damaged.
The necrophage hits you but does no damage.
You closely miss the necrophage.
The necrophage is lightly damaged.
The necrophage hits you.
You hit the necrophage.
The necrophage is lightly damaged.
The necrophage barely misses you.
You hit the necrophage.
The necrophage is moderately damaged.
The necrophage hits you!
* * * LOW HITPOINT WARNING * * *
You barely miss the necrophage.
The necrophage is moderately damaged.
The necrophage completely misses you.
You barely miss the necrophage.
You bite the necrophage, but do no damage.
The necrophage is moderately damaged.
The necrophage barely misses you.
You hit the necrophage but do no damage.
The necrophage is moderately damaged.
The necrophage hits you.
You die...

..# ..# ..##########
## ..##........ #.#+
##..##........
#.@###....+........
##.nS..####........
#.....#.#.............
#.##......######......
######.# #.#...# #.#
#.#...# ... ..+...'
#... ...#...#
..############ ...


You could see a necrophage and an adder.

Vanquished Creatures
  2 dart slugs (D:1)
  3 ball pythons (D:1)
  3 giant cockroaches (D:1)
  4 goblins (D:1)
  3 hobgoblins (D:1)
  A kobold (D:1)
  A bat (D:1)
  A frilled lizard (D:1)
  A rat (D:1)
19 creatures vanquished.

Notes
Turn   | Place    | Note
-------+----------+-------------------------------------------
     0 | D:1      | Faeu the Vampire Enchanter began the quest for the Orb.
     0 | D:1      | Reached XP level 1. HP: 13/13 MP: 3/3
   173 | D:1      | Reached XP level 2. HP: 2/19 MP: 5/5
   884 | D:1      | Found a faded altar of an unknown god.
  1111 | D:3      | You fall into a shaft and drop 3 floors!
  1111 | D:6      | Found a hide-covered altar of Uskayaw.
  1175 | D:6      | Found an opulent altar of Gozag.
  1177 | D:6      | Found a bloodstained altar of Trog.
  1177 | D:6      | Noticed an orc warrior
  1195 | D:6      | Noticed a gnoll sergeant
  1206 | D:5      | Entered Level 5 of the Dungeon
  1216 | D:5      | Noticed a necrophage
  1296 | D:5      | Slain by a necrophage

Illustrated notes

Levels and vault maps discovered:
D:1:      dpeg_arrival_court, layout_loops_ring,
          hellmonk_ecumenical_altar_leap_of_faith, patterned_corridor
D:2:      kennysheep_big_flooded_room, layout_loops_cross, uniq_natasha
D:3:      layout_rooms, serial_shops, nicolae_shop_bloodbath_and_beyond,
          nicolae_shop_advertising_works [nicolae_subvault_shop_adworks], shop,
          kennysheep_generic_room_12, uniq_jessica, uniq_sigmund
D:5:      cheibrodos_helix_gallery, layout_basic,
          grunt_dithmenos_smoke_and_mirrors, nemelex_spade_bored_becter
D:6:      layout_cave_pools, nicolae_uskayaw_suspiria,
          nicolae_gozag_cash_rules_everything_around_me, trog_butcher_becter,
          mainiacjoe_overflow_small_starburst

Action                   || total
-------------------------++-------
Melee: Dagger            ||    70
       Bite              ||     8
       Punch             ||     1
 Stab: Sleeping          ||     8
Armor: Robe              ||     9
Dodge: Dodged            ||    32

Table legend: (Time is in decaauts)
 A = Elapsed time spent in this place.
 B = Non-inter-level travel time spent in this place.
 C = Inter-level travel time spent in this place.
 D = Time resting spent in this place.
 E = Time spent auto-exploring this place.
 F = Levels seen in this place.
 G = Mean time per level.
                   A        B        C        D        E       F      G
               +--------+--------+--------+--------+--------+-----+--------+
         Total |   1289 |   1184 |    105 |     62 |    747 |   5 |  257.8 |
       Dungeon |   1289 |   1184 |    105 |     62 |    747 |   5 |  257.8 |
               +--------+--------+--------+--------+--------+-----+--------+

Top non-repeatable levels by time:
     D:1: 1056 daAuts
     D:6: 94 daAuts
     D:5: 89 daAuts
     D:2: 49 daAuts
